 Dungeon Crawl Stone Soup version 0.21.0-30-g47ce8e4 (webtiles) character file.

333 tidbits the Firebug (level 6, 0/44 HPs)
             Began as a Gnoll Fire Elementalist on Jan 29, 2018.
             Slain by a centaur skeleton (5 damage)
             ... on level 4 of the Dungeon.
             The game lasted 00:13:20 (950 turns).

tidbits the Firebug (Gnoll Fire Elementalist)        Turns: 950, Time: 00:13:21

Health: 0/44       AC:  2    Str: 13 (16) XL:     6   Next: 53%
Magic:  2/14       EV: 14    Int: 19      God:
Gold:   115        SH:  0    Dex: 13 (15) Spells: 5/15 levels left

rFire    . . .     SeeInvis .   a - +0 dagger
rCold    . . .     Gourm    .   (no shield)
rNeg     . . .     Faith    +   g - +0 robe
rPois    .         Spirit   .   (no helmet)
rElec    .         Reflect  .   (no cloak)
rCorr    .         Harm     .   (no gloves)
MR       .....                  (no boots)
Stlth    +++.......             t - amulet of faith
HPRegen  0.14/turn              W - ring of wizardry
MPRegen  0.14/turn              (no ring)

@: mighty
A: distributed training, fangs 1, strong nose
a: no special abilities


You were on level 4 of the Dungeon.
You were not hungry.

You visited 1 branch of the dungeon, and saw 4 of its levels.

You collected 115 gold pieces.

Inventory:

Hand Weapons
 a - a +0 dagger (weapon)
 l - a +0 short sword
 o - a +3 mace
Missiles
 r - 38 arrows
Armour
 e - a +0 helmet
 g - a +0 robe (worn)
Jewellery
 t - an amulet of faith (around neck)
   (You found it on level 4 of the Dungeon)
 W - a ring of wizardry (left hand)
   (You found it on level 1 of the Dungeon)
Wands
 s - a wand of iceblast (5)
Scrolls
 d - 2 scrolls of fog {unknown}
 f - 2 scrolls of immolation {unknown}
 h - 2 scrolls of identify {unknown}
 i - a scroll of enchant weapon {unknown}
 m - a scroll of noise {unknown}
 n - 2 scrolls of amnesia {unknown}
 p - a scroll of teleportation {unknown}
 q - a scroll of remove curse {unknown}
Potions
 j - 3 potions of degeneration
Books
 b - a book of Flames

   Spells                             Type                      Level
   a - Flame Tongue                   Conjuration/Fire             1
   b - Throw Flame                    Conjuration/Fire             2
   c - Conjure Flame                  Conjuration/Fire             3
   d - Inner Flame                    Hexes/Fire                   3
   e - Sticky Flame                   Conjuration/Fire             4
   f - Fireball                       Conjuration/Fire             5
Comestibles
 c - 6 rations


   Skills:
 + Level 2.0 Fighting
 + Level 2.0 Short Blades
 + Level 2.0 Long Blades
 + Level 2.0 Axes
 + Level 2.0 Maces & Flails
 + Level 2.0 Polearms
 + Level 2.0 Staves
 + Level 2.0 Slings
 + Level 2.0 Bows
 + Level 2.0 Crossbows
 + Level 2.0 Throwing
 + Level 2.0 Armour
 + Level 5.0 Dodging
 + Level 4.6 Stealth
 + Level 2.0 Shields
 + Level 2.0 Unarmed Combat
 + Level 5.3 Spellcasting
 + Level 2.6 Conjurations
 + Level 1.5 Hexes
 + Level 1.5 Charms
 + Level 1.5 Summonings
 + Level 1.5 Necromancy
 + Level 1.5 Translocations
 + Level 1.5 Transmutations
 + Level 5.6 Fire Magic
 + Level 1.5 Ice Magic
 + Level 1.5 Air Magic
 + Level 1.5 Earth Magic
 + Level 1.5 Poison Magic
 + Level 2.1 Invocations
 + Level 2.0 Evocations


You had 5 spell levels left.
You knew the following spells:

 Your Spells              Type           Power        Failure   Level  Hunger
a - Flame Tongue          Conj/Fire      ###..        1%          1    None
c - Conjure Flame         Conj/Fire      ###.....     2%          3    ##.....
f - Throw Flame           Conj/Fire      ###...       1%          2    None
t - Sticky Flame          Conj/Fire      ###.....     9%          4    ####...


Dungeon Overview and Level Annotations

Branches:
Dungeon (4/15)
 Temple: D:4-7

Altars:
Ru
Sif Muna
Xom


Innate Abilities, Weirdness & Mutations

Your experience applies equally to all skills.
You have very sharp teeth.
Your uncanny sense of smell can sniff out nearby items.


Message History

You closely miss the goblin. The goblin hits you.
* * * LOW HITPOINT WARNING * * *
You barely miss the goblin. Your bite misses the goblin. The goblin hits you.
* * * LOW HITPOINT WARNING * * *
Casting: Flame Tongue
Confirm with . or Enter, or press ? or * to list all spells.
Aiming: Flame Tongue
Press: ? - help, Shift-Dir - straight line, f/p - goblin
Aim: a goblin The flame tongue hits the goblin.
The goblin is almost dead.
The goblin closely misses you.
You closely miss the goblin.
The goblin is almost dead.
The goblin closely misses you.
You closely miss the goblin. Your bite misses the goblin.
The goblin is almost dead.
You barely miss the goblin.
The goblin is almost dead.
The goblin hits you.
* * * LOW HITPOINT WARNING * * *
You puncture the goblin!
You kill the goblin!
Items here: )))))))) [ ††††††
Okay, then.
Things that are here:
a spear; an animal skin; a helmet
e - a helmet
Items here: )))))))) [ †††††† Butcher a goblin corpse? [(y)es/(c)hoosy/(n)o/(a)ll/(e)dible/(q)uit/?]
You butcher the goblin corpse. x2
The goblin completely misses you.
You butcher the hobgoblin corpse.
The goblin hits you with a dagger.
You stop butchering the corpses.
* * * LOW HITPOINT WARNING * * *
You stop butchering the corpses.
You butcher the hobgoblin corpse.
The goblin barely misses you.
Items here: %%%% )))))))) [ ÷÷÷ †† Unknown command.
You barely miss the goblin. The goblin hits you with a dagger.
* * * LOW HITPOINT WARNING * * *
You hit the goblin.
You kill the goblin!
Eat one of 2 chunks of flesh? (ye/n/q)
You eat one of the 2 chunks of flesh.
This raw flesh tastes terrible.
Items here: )) [ † a dagger; a spear; an animal skin; a goblin corpse
There is a stone staircase leading down here.
You climb downwards.
There is a stone staircase leading up here.
Unknown command.
Found 6 gold pieces.
An orc comes into view. It is wielding a flail.
The orc shouts!
You hear a bark!
Found a stone staircase leading down.
A hound and a skeleton come into view.
The orc curses noisily.
Casting: Flame Tongue
Confirm with . or Enter, or press ? or * to list all spells.
Aiming: Flame Tongue
Press: ? - help, Shift-Dir - straight line, f - hound
Aim: a hound The flame tongue hits the hound.
The hound appears unharmed.
Casting: Flame Tongue
Confirm with . or Enter, or press ? or * to list all spells.
Aiming: Sticky Flame
Press: ? - help, Shift-Dir - straight line, f/p - hound
Aim: a hound The sticky flame hits the hound.
The hound appears unharmed.
The hound is covered in liquid flames!
The hound burns!
The hound bites you.
* * * LOW HITPOINT WARNING * * *
The hound bites you.
* * * LOW HITPOINT WARNING * * *
You hit the hound.
The hound is severely wounded.
The hound burns!
You kill the hound!
You feel your intelligence returning.
Your Fighting skill increases to level 2!
Your Short Blades skill increases to level 2!
Your Long Blades skill increases to level 2!
Your Axes skill increases to level 2!
Your Maces & Flails skill increases to level 2!
Your Polearms skill increases to level 2!
Your Staves skill increases to level 2!
Your Slings skill increases to level 2!
Your Bows skill increases to level 2!
Your Crossbows skill increases to level 2!
Your Throwing skill increases to level 2!
Your Armour skill increases to level 2!
Your Dodging skill increases to level 5!
Your Shields skill increases to level 2!
Your Unarmed Combat skill increases to level 2!
Your Evocations skill increases to level 2!
Unknown command.
Okay, then.
Found a leather armour.
You puncture the centaur skeleton!
The centaur skeleton is moderately damaged.
The centaur skeleton hits you.
You die...

#.###Z...Z..# .
#.....o.# .#
.....#####h####.#
................#
..###.#..##.##.#.#
. # #. #.<#.# #
#..#.# #.#
#..#Z####### #.#
...#@....... # #..
...............
8##.#
......#.#......
.##.#
.#.##...#...[..
._#.# #.#.
##..#...... .##.#
#..# ..... #.#
.... ...## #.#####
.#.. #.# ###.....#


You could see a centaur skeleton.

Vanquished Creatures
  A water moccasin skeleton (D:3)
  A hound (D:4)
  Jessica (D:3)
  2 worker ants (D:4)
  An orc wizard (D:3)
  Natasha (D:3)
  A hound skeleton (D:4)
  Robin (D:3)
  6 adders
  A leopard gecko (D:3)
  7 orcs (D:3)
  5 bats
  A giant cockroach (D:3)
  10 goblins
  8 hobgoblins
  4 kobolds
  6 rats
57 creatures vanquished.

Notes
Turn   | Place    | Note
-------+----------+-------------------------------------------
     0 | D:1      | tidbits the Gnoll Fire Elementalist began the quest for the Orb.
     0 | D:1      | Reached XP level 1. HP: 13/13 MP: 6/6
   104 | D:1      | Reached skill level 2 in Conjurations
   112 | D:1      | Reached XP level 2. HP: 19/19 MP: 3/7
   149 | D:1      | Learned a level 2 spell: Throw Flame
   296 | D:2      | Reached skill level 5 in Spellcasting
   296 | D:2      | Reached XP level 3. HP: 20/25 MP: 1/9
   301 | D:2      | Learned a level 3 spell: Conjure Flame
   301 | D:2      | Found a sacrificial altar of Ru.
   444 | D:3      | Reached skill level 1 in Invocations
   461 | D:3      | Noticed Jessica
   468 | D:3      | Killed Jessica
   468 | D:3      | Reached skill level 1 in Fighting
   468 | D:3      | Reached skill level 1 in Short Blades
   468 | D:3      | Reached skill level 1 in Long Blades
   468 | D:3      | Reached skill level 1 in Axes
   468 | D:3      | Reached skill level 1 in Maces & Flails
   468 | D:3      | Reached skill level 1 in Polearms
   468 | D:3      | Reached skill level 1 in Staves
   468 | D:3      | Reached skill level 1 in Slings
   468 | D:3      | Reached skill level 1 in Bows
   468 | D:3      | Reached skill level 1 in Crossbows
   468 | D:3      | Reached skill level 1 in Throwing
   468 | D:3      | Reached skill level 1 in Armour
   468 | D:3      | Reached skill level 1 in Shields
   468 | D:3      | Reached skill level 1 in Unarmed Combat
   468 | D:3      | Reached skill level 1 in Evocations
   468 | D:3      | Reached XP level 4. HP: 29/32 MP: 11/11
   536 | D:3      | Reached skill level 1 in Hexes
   536 | D:3      | Reached skill level 1 in Charms
   536 | D:3      | Reached skill level 1 in Summonings
   536 | D:3      | Reached skill level 1 in Necromancy
   536 | D:3      | Reached skill level 1 in Translocations
   536 | D:3      | Reached skill level 1 in Transmutations
   536 | D:3      | Reached skill level 1 in Ice Magic
   536 | D:3      | Reached skill level 1 in Air Magic
   536 | D:3      | Reached skill level 1 in Earth Magic
   536 | D:3      | Reached skill level 1 in Poison Magic
   592 | D:3      | Found a deep blue altar of Sif Muna.
   652 | D:3      | Reached XP level 5. HP: 37/37 MP: 6/12
   676 | D:3      | Noticed Natasha
   686 | D:4      | Learned a level 4 spell: Sticky Flame
   749 | D:4      | Reached XP level 6. HP: 16/44 MP: 3/13
   825 | D:4      | Found a shimmering altar of Xom.
   846 | D:3      | Killed Natasha
   846 | D:3      | Reached skill level 2 in Invocations
   847 | D:3      | Noticed Robin
   851 | D:3      | Killed Robin
   885 | D:3      | HP: 2/44 [something/puff of flame (8)]
   946 | D:4      | Reached skill level 2 in Fighting
   946 | D:4      | Reached skill level 2 in Short Blades
   946 | D:4      | Reached skill level 2 in Long Blades
   946 | D:4      | Reached skill level 2 in Axes
   946 | D:4      | Reached skill level 2 in Maces & Flails
   946 | D:4      | Reached skill level 2 in Polearms
   946 | D:4      | Reached skill level 2 in Staves
   946 | D:4      | Reached skill level 2 in Slings
   946 | D:4      | Reached skill level 2 in Bows
   946 | D:4      | Reached skill level 2 in Crossbows
   946 | D:4      | Reached skill level 2 in Throwing
   946 | D:4      | Reached skill level 2 in Armour
   946 | D:4      | Reached skill level 5 in Dodging
   946 | D:4      | Reached skill level 2 in Shields
   946 | D:4      | Reached skill level 2 in Unarmed Combat
   946 | D:4      | Reached skill level 2 in Evocations
   950 | D:4      | Slain by a centaur skeleton

Skill      XL: |  1  2  3  4  5  6 |
---------------+-------------------+-----
Conjurations   | 2 |  2.6
Spellcasting   | 5 |  5.3
Invocations    | 1 2 |  2.1
Fighting       | 1 2 |  2.0
Short Blades   | 1 2 |  2.0
Long Blades    | 1 2 |  2.0
Axes           | 1 2 |  2.0
Maces & Flails | 1 2 |  2.0
Polearms       | 1 2 |  2.0
Staves         | 1 2 |  2.0
Slings         | 1 2 |  2.0
Bows           | 1 2 |  2.0
Crossbows      | 1 2 |  2.0
Throwing       | 1 2 |  2.0
Armour         | 1 2 |  2.0
Shields        | 1 2 |  2.0
Unarmed Combat | 1 2 |  2.0
Evocations     | 1 2 |  2.0
Hexes          | 1 |  1.5
Charms         | 1 |  1.5
Summonings     | 1 |  1.5
Necromancy     | 1 |  1.5
Translocations | 1 |  1.5
Transmutations | 1 |  1.5
Ice Magic      | 1 |  1.5
Air Magic      | 1 |  1.5
Earth Magic    | 1 |  1.5
Poison Magic   | 1 |  1.5
Dodging        | 5 |  5.0
Stealth        | |  4.6
Fire Magic     | |  5.6

Action                   |  1- 3 |  4- 6 || total
-------------------------+-------+-------++-------
Melee: Dagger            |    13 |    39 ||    52
       Bite              |     1 |     3 ||     4
       Punch             |       |     1 ||     1
       Mace              |       |    17 ||    17
 Cast: Flame Tongue      |    29 |    38 ||    67
       Throw Flame       |     1 |       ||     1
       Sticky Flame      |       |     4 ||     4
Evoke: Wand              |       |     1 ||     1
  Use: Potion            |       |     5 ||     5
 Stab: Sleeping          |     3 |     6 ||     9
  Eat: Chunk             |       |     1 ||     1
Armor: Robe              |     5 |     7 ||    12
Dodge: Dodged            |    15 |    33 ||    48

Table legend:
 A = Turns spent in this place as a percentage of turns spent in the entire game.
 B = Non-inter-level travel turns spent in this place as a percentage of non-inter-level travel turns spent in the entire game.
 C = Inter-level travel turns spent in this place as a percentage of turns spent in this place.
 D = Turns resting spent in this place as a percentage of non-inter-level travel turns spent in this place.
 E = Turns spent auto-exploring this place as a percentage of non-inter-level travel turns spent in this place.
 F = Non-inter-level travel turns spent in this place divided by the number of levels of this place that you've seen.
                   A       B       C       D       E      F
               +-------+-------+-------+-------+-------+----------------------
         Total | 100.0 | 100.0 |   0.0 |   0.0 |   0.0 | 237.5
       Dungeon | 100.0 | 100.0 |   0.0 |   0.0 |   0.0 | 237.5
               +-------+-------+-------+-------+-------+----------------------

Table legend:
 A = Kills in this place as a percentage of kills in entire the game.
 B = Kills by you in this place as a percentage of kills by you in the entire game.
 C = Kills by friends in this place as a percentage of kills by friends in the entire game.
 D = Other kills in this place as a percentage of other kills in the entire game.
 E = Experience gained in this place as a percentage of experience gained in the entire game.
 F = Experience gained in this place divided by the number of levels of this place that you have seen.
                   A       B       C       D       E      F
               +-------+-------+-------+-------+-------+----------------------
         Total | 100.0 | 100.0 |   N/A |   N/A | 100.0 | 119.2
       Dungeon | 100.0 | 100.0 |   N/A |   N/A | 100.0 | 119.2
               +-------+-------+-------+-------+-------+----------------------

Vault maps used:
D:1:      dpeg_arrival_connections, serial_bayou_ford_a
D:2:      hangedman_ru_absence, grunt_temple_overflow_diamond, first_ration
D:3:      corexii_shack_village, gup_sewer_entry_bubbles, led_sif_pool,
          uniq_natasha, uniq_jessica, uniq_robin
D:4:      nicolae_overflow_hidden_temple
